 Dungeon Crawl Stone Soup version 0.17.1-3-g152610e (webtiles) character file.

241 GFox the Sneak (level 6, 0/36 HPs)
             Began as a Kobold Assassin on Mar 15, 2016.
             Slain by Asagix's ghost (2 damage)
             ... on level 4 of the Dungeon.
             The game lasted 00:54:40 (3716 turns).

GFox the Sneak (Kobold Assassin)                    Turns: 3716, Time: 00:54:40

Health: 0/36       AC:  7    Str:  9    XL:     6   Next: 30%
Magic:  2/2        EV: 15    Int: 15    God:
Gold:   247        SH:  0    Dex: 20    Spells: 0 memorised, 5 levels left

rFire  . . .     SeeInvis .     i - +2 dagger (antimagic)
rCold  . . .     Clarity  .     h - +2 robe
rNeg   . . .     SustAt   .     (shield restricted)
rPois  .         Gourm    .     (no helmet)
rElec  .         Spirit   .     d - +0 cloak
rCorr  .         Warding  .     j - +1 pair of gloves
rMut   .         Stasis   .     (no boots)
MR     +....                    (no amulet)
Stlth  ++++......               p - ring of protection from magic
                                k - +6 ring of intelligence

@: lethally poisoned (0 -> -10), about to teleport, somewhat resistant to
hostile enchantments, stealthy
A: carnivore 3
a: no special abilities


You were on level 4 of the Dungeon.
You were completely stuffed.

You visited 1 branch of the dungeon, and saw 4 of its levels.

You collected 247 gold pieces.

Inventory:

Hand Weapons
 a - a +2 dagger
 b - a +0 blowgun
 i - a +2 antimagic dagger (weapon)
 o - a +2 quarterstaff of chaos
Missiles
 e - 14 poisoned needles (quivered)
 m - a curare-tipped needle
Armour
 d - a +0 cloak (worn)
 h - a +2 robe (worn)
 j - a +1 pair of gloves (worn)
 r - a +0 cloak
Jewellery
 k - a +6 ring of intelligence (left hand)
 p - a ring of protection from magic (right hand)
Scrolls
 f - a scroll of fear
 q - a scroll of remove curse {unknown}
 s - a scroll of amnesia {unknown}
 t - 2 scrolls of identify {unknown}
 u - a scroll of noise {unknown}
Comestibles
 c - 5 chunks of flesh
 g - a meat ration


   Skills:
 + Level 2.9 Fighting
 + Level 3.1 Short Blades
 + Level 4.6 Throwing
 + Level 2.3 Dodging
 + Level 7.2 Stealth


You had 5 spell levels left.
You didn't know any spells.

Dungeon Overview and Level Annotations

Branches:
Dungeon (4/15)
 Temple: D:4-7

Altars:

Annotations:
D:4 Asagix's ghost, novice HuBe


Innate Abilities, Weirdness & Mutations

You are small and have problems with some larger weapons.
You are carnivorous and can eat meat at any time.


Message History

Asagix's ghost misses you.
Read which item? (? for menu, Esc to quit)
As you read the scroll labeled XOETEPN ZUHO, it crumbles to dust.
You assume a fearsome visage.
Asagix's ghost is unaffected.
It was a scroll of fear.
You float gracefully downwards.
* * * LOW HITPOINT WARNING * * *
You feel sick. Asagix's ghost misses you.
Read which item? (? for menu, Esc to quit)
As you read the scroll labeled GESHITH RYZIWN, it crumbles to dust.
The creatures around you are filled with an inner flame!
It was a scroll of immolation.
* * * LOW HITPOINT WARNING * * *
You feel sick. Asagix's ghost hits you.
* * * LOW HITPOINT WARNING * * *
Read which item? (? for menu, Esc to quit)
As you read the scroll of teleportation, it crumbles to dust.
You feel strangely unstable.
Asagix's ghost hits you but does no damage.
You writhe in agony.
You die...

#.....#.......#
#.....#.......#
#.....#.......####
#.....#..........# #
#.....##########.#.#
.. #.....#.#....
#.###........
###.###.#......
#....W@....#.##
#.#.####.....#
.##### ##


You could see Asagix's ghost (inner flame).

Vanquished Creatures
  A scorpion (D:3)
  Crazy Yiuf (D:2)
  An iguana (D:4)
  5 adders
  2 oozes (D:1)
  2 worms (D:2)
  A giant gecko (D:4)
  An orc (D:4)
  2 ball pythons
  8 bats
  5 giant cockroaches
  16 goblins
  9 hobgoblins
  7 jackals
  4 kobolds
  3 giant newts
  A quokka (D:2)
  9 rats
78 creatures vanquished.

Notes
Turn   | Place    | Note
--------------------------------------------------------------
     0 | D:1      | GFox the Kobold Assassin began the quest for the Orb.
     0 | D:1      | Reached XP level 1. HP: 12/12 MP: 1/1
   154 | D:1      | Reached XP level 2. HP: 9/18 MP: 2/2
   550 | D:1      | Reached skill level 6 in Stealth
   550 | D:1      | Reached XP level 3. HP: 22/22 MP: 3/3
  1438 | D:2      | Reached XP level 4. HP: 27/27 MP: 4/4
  2168 | D:2      | Noticed Crazy Yiuf
  2200 | D:2      | Killed Crazy Yiuf
  2200 | D:2      | Reached XP level 5. HP: 17/31 MP: 5/5
  3526 | D:3      | Reached skill level 7 in Stealth
  3526 | D:3      | Reached XP level 6. HP: 36/36 MP: 6/6
  3700 | D:4      | Noticed Asagix's ghost (novice HuBe)
  3716 | D:4      | Slain by Asagix's ghost

Action                   |  1- 3 |  4- 6 || total
-------------------------+-------+-------++-------
Melee: Dagger            |    24 |    50 ||    74
 Fire: Blowgun           |    37 |    62 ||    99
  Use: Scroll            |     3 |     4 ||     7
       Potion            |     3 |     5 ||     8
 Stab: Sleeping          |    10 |    14 ||    24
       Distracted        |     1 |     4 ||     5
  Eat: Chunk             |    10 |     7 ||    17
